 Dungeon Crawl Stone Soup version 0.24-a0-350-g5b3daab8ba (webtiles) character file.

Game seed: 2747671310405207076

30 galech the Skirmisher (level 3, 0/29 HPs)
             Began as a Demonspawn Fighter on May 23, 2019.
             Killed by nerve-wracking pain
             ... invoked by Jessica
              (10 damage)
             ... on level 2 of the Dungeon.
             The game lasted 00:00:52 (930 turns).

galech the Skirmisher (Demonspawn Fighter)           Turns: 930, Time: 00:00:52

Health: 0/29       AC:  6    Str: 16    XL:     3   Next: 3%
Magic:  3/3        EV:  6    Int:  9    God:
Gold:   75         SH:  9    Dex: 13    Spells: 2/2 levels left

rFire    . . .     SeeInvis .   a - +0 war axe
rCold    . . .     Gourm    .   c - +0 shield
rNeg     . . .     Faith    .   b - +0 scale mail
rPois    .         Spirit   .   (helmet restricted)
rElec    .         Reflect  .   (no cloak)
rCorr    .         Harm     .   (no gloves)
MR       .....                  (no boots)
Stlth    ..........             (no amulet)
HPRegen  0.09/turn              (no ring)
MPRegen  0.08/turn              (no ring)

@: no status effects
A: horns 1
a: no special abilities


You were on level 2 of the Dungeon.
You were not hungry.

You visited 1 branch of the dungeon, and saw 2 of its levels.

You collected 75 gold pieces.

Inventory:

Hand Weapons
 a - a +0 war axe (weapon)
Armour
 b - a +0 scale mail (worn)
 c - a +0 shield (worn)
Scrolls
 e - a scroll of noise {unknown}
 g - 2 scrolls of teleportation {unknown}
 i - 2 scrolls of identify {unknown}
Potions
 d - a potion of might
 j - a potion of degeneration {unknown}
Comestibles
 f - 4 rations
 h - 4 chunks of flesh


   Skills:
 + Level 3.2 Fighting
 + Level 2.3 Axes
 + Level 2.9 Armour
 + Level 3.0 Shields


You had 2 spell levels left.
You didn't know any spells.
Your spell library was empty.

Dungeon Overview and Level Annotations

Branches:
Dungeon (2/15)

Altars:
Zin

Annotations:
D:2 Jessica


Innate Abilities, Weirdness & Mutations

You have a pair of small horns on your head.


Message History

You are too injured to fight recklessly!
You are too injured to fight recklessly!
You are too injured to fight recklessly!
You are too injured to fight recklessly!
You are too injured to fight recklessly!
You are too injured to fight recklessly!
You are too injured to fight recklessly!
You are too injured to fight recklessly!
You are too injured to fight recklessly!
You are too injured to fight recklessly!
You closely miss Jessica. You miss the frilled lizard.
The frilled lizard bites you.
Jessica mumbles some strange words.
Jessica seems to speed up.
The frilled lizard bites you but does no damage.
You barely miss Jessica. Your headbutt misses Jessica.
You miss the frilled lizard. Jessica casts a spell at you.
Pain shoots through your body!
You die...

##.# #..+ #.# #..# ..#
#..## ..##+## #.รท.##
#.#...## #.#..##
##......## #.##..###
##........#
###.......####..........
................@@......
######.#...####.l.......
#.##.## ##.......#
#.#### ##.....## #.#
#...## #. #+##


You could see Jessica and a frilled lizard.

Vanquished Creatures
  A worm (D:2)
  2 leopard geckos (D:1)
  A bat (D:1)
  A goblin (D:1)
  5 hobgoblins (D:1)
  A quokka (D:2)
  5 frilled lizards
  3 kobolds
  7 rats
26 creatures vanquished.

Notes
Turn   | Place    | Note
-------+----------+-------------------------------------------
     0 | D:1      | galech the Demonspawn Fighter began the quest for the Orb.
     0 | D:1      | Reached XP level 1. HP: 18/18 MP: 1/1
   278 | D:1      | Gained mutation: You have a pair of small horns on your
                  | head. [demonic ancestry]
   278 | D:1      | Reached XP level 2. HP: 24/24 MP: 2/2
   770 | D:2      | Found a glowing silver altar of Zin.
   919 | D:2      | Reached XP level 3. HP: 25/29 MP: 3/3
   921 | D:2      | Noticed Jessica
   930 | D:2      | Killed from afar by Jessica

Levels and vault maps discovered:
D:1:      psy_arrival_statuary, layout_basic
D:2:      layout_loops_corners, nicolae_overflow_hidden_temple,
          gammafunk_temple_overflow_claw, first_ration, uniq_jessica

Skill      XL: |  1  2 |
---------------+-------+-----
Axes           | 2 |  2.3
Shields        | 3 |  3.0
Fighting       | |  3.2
Armour         | |  2.9

Action                   || total
-------------------------++-------
Melee: War axe           ||    77
       Headbutt          ||     4
Armor: Scale mail        ||    24
Dodge: Dodged            ||    17
Block: Shield            ||    41

Table legend:
 A = Non-vault XP
 B = Vault XP
 C = Vault XP percentage of total XP
 D = Non-vault monster count
 E = Vault monster count
 F = Vault count percentage of total count
                 A         B        C        D         E       F
            +---------+---------+-------+---------+---------+-------
      Total |      43 |       0 |   0.0 |      26 |       0 |   0.0
            +---------+---------+-------+---------+---------+-------
        D:1 |      31 |       0 |   0.0 |      20 |       0 |   0.0
        D:2 |      12 |       0 |   0.0 |       6 |       0 |   0.0
            +---------+---------+-------+---------+---------+-------
